 Dungeon Crawl Stone Soup version 0.30-a0-2-gf48d83f5e2 (webtiles) character file.

Game seed: 6491941188366035883

3058 sanka the Destroyer (level 9, -4/67 HPs)
             Began as a Gnoll Conjurer on Aug 19, 2022.
             Was a Follower of Ashenzari.
             Killed from afar by a steam dragon (17 damage)
             ... with a ball of steam
             ... on level 7 of the Dungeon.
             The game lasted 00:14:20 (8110 turns).

sanka the Destroyer (Gnoll Conjurer)                Turns: 8110, Time: 00:14:21

Health: -4/67      AC:  3    Str:  6    XL:     9   Next: 87%
Magic:  12/19      EV: 14    Int: 23    God:    Ashenzari [*.....]
Gold:   357        SH:  0    Dex: 10    Spells: 5/22 levels left

rFire   . . .      SeeInvis +    a - staff of conjuration {!a}
rCold   . . .      Faith    .    (no shield)
rNeg    . . .      Spirit   .    k - +0 robe
rPois   .          Reflect  .    (no helmet)
rElec   .          Harm     .    (no cloak)
rCorr   .          Rampage  .    n - +0 pair of gloves "Loss of Ashenzari" {Cun, Elem} (curse)
Will    .....                    (no boots)
Stlth   +++.......               (no amulet)
HPRegen 0.21/turn                c - +4 ring of slaying
MPRegen 0.16/turn                h - ring of the Ruined Bitterness {SInv, Bglg, Fort} (curse)

@: studying Air Magic
A: fangs 1, strong nose, distributed training
a: Renounce Religion, Shatter the Chains


You were on level 7 of the Dungeon.
You worshipped Ashenzari.
Ashenzari was aware of your devotion.
You visited 2 branches of the dungeon, and saw 8 of its levels.

You collected 357 gold pieces.


Innate Abilities, Weirdness & Mutations

You have very sharp teeth.
Your uncanny sense of smell can sniff out nearby items.
Your experience applies equally to all skills.


   Skills:
 + Level 4.8 Fighting
 + Level 4.8 Short Blades
 + Level 4.8 Long Blades
 + Level 4.8 Axes
 + Level 4.8 Maces & Flails
 + Level 4.8 Polearms
 + Level 4.8 Staves
 + Level 4.8 Ranged Weapons
 + Level 4.8 Throwing
 + Level 4.8(5.6) Armour
 + Level 6.7(7.6) Dodging
 + Level 6.5(7.3) Stealth
 + Level 4.8(5.6) Shields
 + Level 4.8 Unarmed Combat
 + Level 7.0 Spellcasting
 + Level 8.2(9.1) Conjurations
 + Level 4.0(4.8) Hexes
 + Level 4.0 Summonings
 + Level 4.0 Necromancy
 + Level 4.0(4.8) Translocations
 + Level 4.0 Transmutations
 + Level 4.0(4.8) Fire Magic
 + Level 4.0(4.8) Ice Magic
 + Level 5.1(5.9) Air Magic
 + Level 4.0(4.8) Earth Magic
 + Level 4.0 Poison Magic
 + Level 5.3 Invocations
 + Level 4.8 Evocations


You had 5 spell levels left.
You knew the following spells:

 Your Spells              Type           Power      Damage    Failure   Level
x - Searing Ray           Conj           100%       2d8       1%          2
z - Magic Dart            Conj           100%       1d8       1%          1
C - Iskenderun's Battles  Conj           66%        2d12      4%          5
X - Freezing Cloud        Conj/Ice/Air   27%        6-21      14%         5
Z - Fulminant Prism       Conj/Hex       28%        3d14      4%          4

Your spell library contained the following spells:

 Spells                   Type           Power      Damage    Failure   Level
 Slow                     Hex            100%       N/A       1%          1
 Blink                    Tloc           60%        N/A       1%          2
 Static Discharge         Conj/Air       59%        3-11/arc  1%          2
 Dazzling Flash           Conj/Hex       100%       N/A       1%          3
 Confusing Touch          Hex            30%        N/A       3%          3
 Vampiric Draining        Necr           26%        2d7       4%          3
 Iskenderun's Mystic Bla  Conj/Tloc      57%        2d12      4%          4
 Sticky Flame             Conj/Fire      57%        2d7       4%          4
 Dispel Undead            Necr           26%        3d13      14%         4
 Manifold Assault         Tloc           30%        N/A       28%         5
 Storm Form               Tmut/Air       15%        N/A       100%        7
 Fire Storm               Conj/Fire      28%        8d7       100%        9

Inventory:

Hand Weapons
 b - a +0 dagger of speed
 r - a +0 mace
 w - a +0 broad axe
Missiles
 u - 5 throwing nets {=f}
 v - a curare-tipped dart {=f}
Armour
 k - a +0 robe (worn)
 n - the cursed +0 pair of gloves "Loss of Ashenzari" (worn) {Cun, Elem}

   It has a curse which improves the following skills: Cunning: Dodging and
   Stealth.
   Elements:  Fire Magic, Ice Magic, Air Magic and Earth Magic.
Magical Staves
 a - a staff of conjuration (weapon) {!a}
 i - a staff of poison
Jewellery
 c - a +4 ring of slaying (left hand)
 h - the cursed ring of the Ruined Bitterness (right hand) {SInv, Bglg, Fort}

   [ring of see invisible]

   SInv:      It lets you see invisible.
   It has a curse which improves the following skills: Beguiling: Conjurations,
   Hexes and Translocations.
   Fortitude: Armour and Shields.
 p - a ring of magical power
Wands
 y - a wand of roots (12)
Scrolls
 d - 3 scrolls of teleportation {@r4}
 f - 3 scrolls of amnesia
 g - a scroll of magic mapping
 t - 2 scrolls of butterflies
 x - 3 scrolls of immolation {!r}
 A - a scroll of fear
 C - a scroll of brand weapon
Potions
 e - 2 potions of heal wounds {@q2}
 j - a potion of resistance
 l - a potion of magic
 m - 2 potions of lignification {!q}
 o - 2 potions of curing {@q1}
 q - 6 potions of brilliance
 s - 2 potions of flight
 z - a potion of attraction {!q}
 B - a potion of might

Dungeon Overview and Level Annotations

Branches:
Dungeon (7/15)             Temple (1/1) D:4

Altars:
Ashenzari
Cheibriados
Dithmenos
Elyvilon
Fedhas
Gozag
Hepliaklqana
Kikubaaqudgha
Makhleb
Nemelex Xobeh
Ru
Sif Muna
Trog
Uskayaw
Vehumet
Wu Jian
Xom
Yredelemnul
Zin
The Shining One

Shops:
D:1

= ▒▒▒▒▒ ▒...▒
▒▒▒...▒▒▒▒▒
▒▒▒▒▒▒▒▒▒.........▒
...........[......▒▒
▒.▒.▒.▒▒▒...........
▒.▒.▒.▒▒▒▒▒...▒▒.▒▒▒▒▒▒.
.▒.............#........
▒.▒..▒▒▒▒▒▒▒▒..▒gD......
▒.▒..▒ ▒.....▒▒▒▒▒▒▒▒.
...[.▒ ▒...▒..▒
▒..............▒
▒..▒.▒▒▒▒...▒..▒
▒..▒.▒▒.....▒...
▒..▒.▒▒.▒.. ▒▒.▒▒
...▒.▒▒.▒▒▒ ▒.▒
....▒...▒ .▒


You could see a steam dragon (catching breath).


Message History

The ball of steam misses you.
You are engulfed in a cloud of scalding steam.
You are engulfed in a cloud of scalding steam.
The magic dart hits the steam dragon but does no damage.
The steam dragon is severely wounded.
Your battlesphere wavers and loses cohesion.
The magic dart hits the steam dragon.
The steam dragon is severely wounded.
The steam dragon breathes steam at you. The ball of steam hits you!!
* * * LOW HITPOINT WARNING * * *
Aiming: Searing Ray (safe; 1% risk of failure)
Aim: a steam dragon (magical condensation, severely wounded, catching its breath, 83% to hit)
The searing ray hits the steam dragon.
The steam dragon is almost dead. (Press . to maintain the ray.)
You are engulfed in a cloud of scalding steam.
* * * LOW HITPOINT WARNING * * *
The steam dragon bites you.
* * * LOW HITPOINT WARNING * * *
The steam dragon claws you.
* * * LOW HITPOINT WARNING * * *
Unknown command.
The searing ray hits the steam dragon but does no damage.
The steam dragon is almost dead.
You are engulfed in a cloud of scalding steam.
* * * LOW HITPOINT WARNING * * *
The steam dragon breathes steam at you. The ball of steam hits you!
You die...

Action                   |  1- 3 |  4- 6 |  7- 9 || total
-------------------------+-------+-------+-------++-------
Melee: Staff             |       |     4 |     6 ||    10
       Bite              |       |     1 |     1 ||     2
 Cast: Magic Dart        |    58 |    91 |   107 ||   256
       Searing Ray       |     1 |     8 |    33 ||    42
       Fulminant Prism   |       |       |    19 ||    19
       Iskenderun's Batt |       |       |     3 ||     3
Invok: Curse Item        |       |       |     2 ||     2
Armor: Robe              |     1 |     2 |     4 ||     7
Dodge: Dodged            |       |    11 |    43 ||    54

Levels and vault maps discovered:
D:1:      mrwooster_arrival_statue, layout_basic, serial_shops, shop_statue
D:2:      minmay_inner_zag, layout_loops_ring, cheibrodos_gnoll_hut
D:3:      layout_basic
D:4:      layout_loops_corners, temple_pool_b, uniq_grinder
D:5:      layout_loops_ring, nicolae_tso_swordbearing_angel, minivault_4,
          minmay_manual_moon
D:6:      layout_gridville, uniq_eustachio, uniq_pikel, uniq_maggie,
          uniq_duvessa
D:7:      layout_loops_ring, uniq_menkaure
Temple:   hellmonk_temple_of_storms

Notes
Turn   | Place    | Note
-------+----------+-------------------------------------------
     0 | D:1      | sanka the Gnoll Conjurer began the quest for the Orb.
     0 | D:1      | Reached XP level 1. HP: 13/13 MP: 6/6
    80 | D:1      | Found Iraan's Jewellery Boutique.
   158 | D:1      | Reached XP level 2. HP: 19/19 MP: 4/7
   780 | D:1      | Learned a level 2 spell: Searing Ray
   896 | D:2      | Reached skill level 5 in Spellcasting
   896 | D:2      | Reached XP level 3. HP: 25/25 MP: 3/9
   980 | D:2      | Reached skill level 1 in Invocations
  1468 | D:2      | Reached skill level 1 in Fighting
  1468 | D:2      | Reached skill level 1 in Short Blades
  1468 | D:2      | Reached skill level 1 in Long Blades
  1468 | D:2      | Reached skill level 1 in Axes
  1468 | D:2      | Reached skill level 1 in Maces & Flails
  1468 | D:2      | Reached skill level 1 in Polearms
  1468 | D:2      | Reached skill level 1 in Staves
  1468 | D:2      | Reached skill level 1 in Ranged Weapons
  1468 | D:2      | Reached skill level 1 in Throwing
  1468 | D:2      | Reached skill level 1 in Armour
  1468 | D:2      | Reached skill level 1 in Shields
  1468 | D:2      | Reached skill level 1 in Unarmed Combat
  1468 | D:2      | Reached skill level 1 in Evocations
  1471 | D:2      | Reached XP level 4. HP: 31/32 MP: 3/11
  2145 | D:2      | Reached skill level 1 in Hexes
  2145 | D:2      | Reached skill level 1 in Summonings
  2145 | D:2      | Reached skill level 1 in Necromancy
  2145 | D:2      | Reached skill level 1 in Translocations
  2145 | D:2      | Reached skill level 1 in Transmutations
  2145 | D:2      | Reached skill level 1 in Fire Magic
  2145 | D:2      | Reached skill level 1 in Ice Magic
  2145 | D:2      | Reached skill level 1 in Air Magic
  2145 | D:2      | Reached skill level 1 in Earth Magic
  2145 | D:2      | Reached skill level 1 in Poison Magic
  2691 | D:3      | Noticed a necrophage
  2696 | D:3      | Killed a necrophage
  2697 | D:3      | Reached XP level 5. HP: 37/37 MP: 12/12
  3418 | D:4      | Reached skill level 2 in Invocations
  3587 | D:4      | Noticed Grinder
  3599 | D:4      | Paralysed by Grinder for 4 turns
  3603 | D:4      | Killed Grinder
  3604 | D:4      | Reached skill level 2 in Fighting
  3604 | D:4      | Reached skill level 2 in Short Blades
  3604 | D:4      | Reached skill level 2 in Long Blades
  3604 | D:4      | Reached skill level 2 in Axes
  3604 | D:4      | Reached skill level 2 in Maces & Flails
  3604 | D:4      | Reached skill level 2 in Polearms
  3604 | D:4      | Reached skill level 2 in Staves
  3604 | D:4      | Reached skill level 2 in Ranged Weapons
  3604 | D:4      | Reached skill level 2 in Throwing
  3604 | D:4      | Reached skill level 2 in Armour
  3604 | D:4      | Reached skill level 5 in Dodging
  3604 | D:4      | Reached skill level 2 in Shields
  3604 | D:4      | Reached skill level 2 in Unarmed Combat
  3604 | D:4      | Reached skill level 2 in Evocations
  3604 | D:4      | Reached XP level 6. HP: 22/44 MP: 6/14
  3847 | D:4      | Found a staircase to the Ecumenical Temple.
  3926 | Temple   | Entered the Ecumenical Temple
  3973 | Temple   | Became a worshipper of Ashenzari the Shackled
  4177 | D:4      | Got the Grimoire of the Inquisitive Portals
  4336 | D:4      | Reached XP level 7. HP: 50/50 MP: 15/15
  4687 | D:5      | Entered Level 5 of the Dungeon
  4773 | D:5      | Reached skill level 2 in Hexes
  4773 | D:5      | Reached skill level 2 in Summonings
  4773 | D:5      | Reached skill level 2 in Necromancy
  4773 | D:5      | Reached skill level 2 in Translocations
  4773 | D:5      | Reached skill level 2 in Transmutations
  4773 | D:5      | Reached skill level 2 in Fire Magic
  4773 | D:5      | Reached skill level 2 in Ice Magic
  4773 | D:5      | Reached skill level 2 in Air Magic
  4773 | D:5      | Reached skill level 2 in Earth Magic
  4773 | D:5      | Reached skill level 2 in Poison Magic
  4902 | D:5      | Reached skill level 5 in Stealth
  4913 | D:5      | Reached skill level 3 in Invocations
  5282 | D:5      | Reached skill level 3 in Fighting
  5282 | D:5      | Reached skill level 3 in Short Blades
  5282 | D:5      | Reached skill level 3 in Long Blades
  5282 | D:5      | Reached skill level 3 in Axes
  5282 | D:5      | Reached skill level 3 in Maces & Flails
  5282 | D:5      | Reached skill level 3 in Polearms
  5282 | D:5      | Reached skill level 3 in Staves
  5282 | D:5      | Reached skill level 3 in Ranged Weapons
  5282 | D:5      | Reached skill level 3 in Throwing
  5282 | D:5      | Reached skill level 3 in Armour
  5282 | D:5      | Reached skill level 3 in Shields
  5282 | D:5      | Reached skill level 3 in Unarmed Combat
  5282 | D:5      | Reached skill level 3 in Evocations
  5282 | D:5      | Reached XP level 8. HP: 58/58 MP: 16/16
  5321 | D:5      | Learned a level 4 spell: Fulminant Prism
  5341 | D:5      | Found a glowing golden altar of the Shining One.
  5487 | D:5      | Reached skill level 6 in Spellcasting
  6013 | D:5      | Reached skill level 3 in Air Magic
  6282 | D:6      | Noticed Dowan
  6283 | D:6      | Noticed Duvessa
  6293 | D:6      | Killed Duvessa
  6295 | D:6      | Killed Dowan
  6423 | D:6      | Noticed Pikel
  6439 | D:5      | Killed Pikel
  6440 | D:5      | Reached skill level 4 in Fighting
  6440 | D:5      | Reached skill level 4 in Short Blades
  6440 | D:5      | Reached skill level 4 in Long Blades
  6440 | D:5      | Reached skill level 4 in Axes
  6440 | D:5      | Reached skill level 4 in Maces & Flails
  6440 | D:5      | Reached skill level 4 in Polearms
  6440 | D:5      | Reached skill level 4 in Staves
  6440 | D:5      | Reached skill level 4 in Ranged Weapons
  6440 | D:5      | Reached skill level 4 in Throwing
  6440 | D:5      | Reached skill level 4 in Armour
  6440 | D:5      | Reached skill level 6 in Dodging
  6440 | D:5      | Reached skill level 4 in Shields
  6440 | D:5      | Reached skill level 4 in Unarmed Combat
  6440 | D:5      | Reached skill level 3 in Hexes
  6440 | D:5      | Reached skill level 3 in Summonings
  6440 | D:5      | Reached skill level 3 in Necromancy
  6440 | D:5      | Reached skill level 3 in Translocations
  6440 | D:5      | Reached skill level 3 in Transmutations
  6440 | D:5      | Reached skill level 3 in Fire Magic
  6440 | D:5      | Reached skill level 3 in Ice Magic
  6440 | D:5      | Reached skill level 4 in Air Magic
  6440 | D:5      | Reached skill level 3 in Earth Magic
  6440 | D:5      | Reached skill level 3 in Poison Magic
  6440 | D:5      | Reached skill level 4 in Invocations
  6440 | D:5      | Reached skill level 4 in Evocations
  6440 | D:5      | Reached XP level 9. HP: 16/65 MP: 12/18
  6839 | D:6      | Reached skill level 6 in Stealth
  6839 | D:6      | Reached skill level 8 in Conjurations
  6890 | D:6      | Identified +0 swamp dragon scales
  6890 | D:6      | Noticed Maggie
  6899 | D:6      | Killed Maggie
  6991 | D:6      | Noticed Eustachio
  7033 | D:6      | Killed Eustachio
  7183 | D:6      | Reached skill level 5 in Invocations
  7401 | D:6      | Reached * piety under Ashenzari
  7401 | D:6      | Identified a potion of resistance
  7745 | D:7      | Noticed Menkaure
  7751 | D:7      | Killed Menkaure
  7752 | D:7      | Reached skill level 7 in Spellcasting
  7831 | D:7      | Learned a level 5 spell: Freezing Cloud
  7837 | D:7      | Learned a level 5 spell: Iskenderun's Battlesphere
  7846 | D:7      | Reached skill level 5 in Air Magic
  8061 | D:7      | Reached skill level 4 in Hexes
  8061 | D:7      | Reached skill level 4 in Summonings
  8061 | D:7      | Reached skill level 4 in Necromancy
  8061 | D:7      | Reached skill level 4 in Translocations
  8061 | D:7      | Reached skill level 4 in Transmutations
  8061 | D:7      | Reached skill level 4 in Fire Magic
  8061 | D:7      | Reached skill level 4 in Ice Magic
  8061 | D:7      | Reached skill level 4 in Earth Magic
  8061 | D:7      | Reached skill level 4 in Poison Magic
  8110 | D:7      | Killed from afar by a steam dragon

Vanquished Creatures
  Pikel (D:5)
  Maggie (D:6)
  Grinder (D:4)
  Eustachio (D:6)
  Menkaure (D:7)
  Duvessa (D:6)
  A sky beast (D:6)
  2 ice beasts
  A black bear (D:5)
  2 ogres (D:5)
  A kobold brigand (D:5)
  4 scorpions
  A bullfrog (D:6)
  2 necrophages
  Dowan (D:6)
  A howler monkey (D:5)
  An orc priest (D:3)
  4 gnoll boudas
  A jelly (D:7)
  2 orc wizards
  6 adders
  25 gnolls
  2 white imps (D:5)
  An ufetubus (D:4)
  2 worms (D:2)
  3 dart slugs
  19 orcs
  7 bats
  6 endoplasms
  2 giant cockroaches
  8 goblins
  6 hobgoblins
  6 jackals
  2 quokkas
  8 ball pythons
  6 frilled lizards
  8 kobolds
  3 rats
150 creatures vanquished.

Vanquished Creatures (others)
  19 fulminant prisms
19 creatures vanquished.

Grand Total: 169 creatures vanquished
